 Dungeon Crawl Stone Soup version 0.31.0-12-g77e489cdc1 (webtiles) character file.

Game seed: 12045664345135014987

21838 PaiMei the Dealer of Despair (level 12, -12/99 HPs)
             Began as a Demonspawn Necromancer on Feb 26, 2024.
             Was an Elder of Kikubaaqudgha.
             Mangled by a six-headed hydra (14 damage)
             ... on level 3 of the Lair of Beasts on Feb 27, 2024.
             The game lasted 00:31:41 (21124 turns).

PaiMei the Dealer of Despair (DsNe)                Turns: 21124, Time: 00:31:41

Health: -12/99     AC:  9    Str:  9    XL:     12   Next: 57%
Magic:  12/26      EV: 17    Int: 25    God:    Kikubaaqudgha [****..]
Gold:   546        SH:  0    Dex: 18    Spells: 23/31 levels left

rFire   . . .        v - +12 short sword "Gatzogao" {pain, rC+ Will+ Dex+3}
rCold   + + .        (no shield)
rNeg    . . .        P - +3 leather armour {rC+}
rPois   +            I - +1 hat
rElec   .            o - +0 cloak
rCorr   .            (no gloves)
SInv    .            s - +0 pair of boots
Will    +....        (no amulet)
Stlth   ++           h - +6 ring of intelligence
HPRegen 0.36/turn    i - ring of poison resistance
MPRegen 0.20/turn

%: no passive effects
@: mighty
A: antennae 2, claws 2, ignite blood 1, powered by pain 2, weakness stinger 2
a: Renounce Religion, Unearth Wretches


You were on level 3 of the Lair of Beasts.
You worshipped Kikubaaqudgha.
Kikubaaqudgha was greatly pleased with you.
You visited 3 branches of the dungeon, and saw 15 of its levels.
You also visited: Sewer.

You collected 585 gold pieces.
You spent 39 gold pieces at shops.

Inventory:

Hand Weapons
 v - the +12 short sword "Gatzogao" (weapon) {pain, rC+ Will+ Dex+3}
   (You found it on level 6 of the Dungeon)

   Dex+3:     It affects your dexterity (+3).
   rC+:       It protects you from cold.
   Will+:     It increases your willpower.
 z - a +2 whip of freezing
Missiles
 u - 28 poisoned darts (quivered)
 x - 3 atropa-tipped darts
 K - 7 throwing nets
 R - a curare-tipped dart
Armour
 o - a +0 cloak (worn)
 s - a +0 pair of boots (worn)
 I - a +1 hat (worn)
 M - a +0 kite shield
 P - a +3 leather armour of cold resistance (worn)
 U - a +0 troll leather armour
Jewellery
 h - a +6 ring of intelligence (left claw)
 i - a ring of poison resistance (right claw)
 l - a ring of ice
 w - a +6 ring of strength
 F - a +6 ring of intelligence
 H - a ring of protection from cold
 S - a ring of flight
Wands
 y - a wand of roots (31)
 L - a wand of flame (15)
 O - a wand of quicksilver (5)
 Q - a wand of charming (11)
Scrolls
 g - 6 scrolls of teleportation
 j - a scroll of fear
 m - a scroll of noise
 n - 2 scrolls of enchant weapon {unknown}
 p - a scroll of enchant armour {unknown}
 q - 4 scrolls of poison
 t - 3 scrolls of vulnerability
 A - a scroll of blinking {unknown}
 B - 4 scrolls of revelation
 C - 2 scrolls of immolation
 E - a scroll of butterflies {unknown}
Potions
 a - a potion of invisibility {unknown}
 b - 3 potions of magic
 c - 3 potions of haste
 d - 12 potions of curing
 e - 4 potions of heal wounds
 f - 3 potions of brilliance
 k - a potion of might {unknown}
 r - 2 potions of lignification
 D - 4 potions of ambrosia
 G - a potion of enlightenment {unknown}
 J - a potion of attraction {unknown}
 N - a potion of resistance {unknown}
 T - 2 potions of mutation {unknown}


   Skills:
 + Level 10.6 Fighting
 + Level 10.0 Dodging
 - Level 2.2 Stealth
 + Level 10.1 Spellcasting
 + Level 12.4 Necromancy


You had 23 spell levels left.
You knew the following spells:

 Your Spells              Type           Power      Damage    Failure   Level
a - Necrotise             Necr           100%       1d9       1%          1
b - Vampiric Draining     Necr           66%        2d10      1%          3
c - Animate Dead          Necr           66%        N/A       1%          4

Your spell library contained the following spells:

 Spells                   Type           Power      Damage    Failure   Level
 Kiss of Death            Conj/Necr      100%       2d13      1%          1
 Cigotuvi's Dreadful Rot  Necr/Alch/Air  66%        N/A       1%          2
 Sublimation of Blood     Necr           66%        N/A       1%          2
 Fugue of the Fallen      Necr           66%        N/A       1%          3
 Dispel Undead            Necr           66%        3d23      1%          4
 Curse of Agony           Necr           66%        N/A       1%          5
 Martyr's Knell           Necr/Summ      43%        N/A       5%          4
 Death Channel            Necr           33%        N/A       6%          6
 Summon Small Mammal      Summ           48%        N/A       7%          1
 Borgnjor's Vile Clutch   Necr/Erth      21%        N/A       14%         5
 Call Canine Familiar     Summ           12%        N/A       21%         3
 Inner Flame              Hex/Fire       12%        N/A       21%         3
 Ozocubu's Armour         Ice            12%        N/A       21%         3
 Flame Wave               Conj/Fire      12%        2d6       56%         4
 Ignite Poison            Fire/Alch      12%        N/A       56%         4
 Olgreb's Toxic Radiance  Alch           12%        N/A       56%         4
 Sticky Flame             Fire/Alch      12%        2d5       56%         4
 Summon Blazeheart Golem  Fire/Summ      12%        N/A       56%         4
 Metabolic Englaciation   Hex/Ice        6%         N/A       88%         5
 Sculpt Simulacrum        Ice/Alch       6%         N/A       100%        6
 Ozocubu's Refrigeration  Ice            6%         4d8       100%        7
 Discord                  Hex            6%         N/A       100%        8
 Ignition                 Fire           6%         3d4       100%        8


Dungeon Overview and Level Annotations

Branches:
Dungeon (11/15)            Temple (1/1) D:6            Lair (3/5) D:11
  Sewer (visited)
  Swamp: Lair:2-3    Shoals: Lair:2-3     Snake: Lair:2-3    Spider: Lair:2-3
    Orc: D:9-12

Altars:
Ashenzari
Cheibriados
Dithmenos
Fedhas
Gozag
Hepliaklqana
Kikubaaqudgha
Makhleb
Nemelex Xobeh
Okawaru
Qazlal
Ru
Sif Muna
Trog
Uskayaw
Vehumet
Wu Jian
Xom
Yredelemnul

Shops:
D:3 !*(

Annotations:
D:5 2 transporters, rodbeard's ghost, novice GnSh
D:11 2 transporters, Xaxieg's ghost, journeyman GnSk


Innate Abilities, Weirdness & Mutations

You have a pair of antennae on your head.
You have very sharp fingernails.
Your demonic aura sometimes causes spilled blood to erupt in flames.
You sometimes gain power by taking damage.
You have a tail ending in a sharp stinger.


Message History

Confirm with . or Enter, or press ? or * to list all spells.
Aiming: Vampiric Draining (safe; 1% risk of failure)
Press: ? - help, Shift-Dir - straight line, f/p - six-headed hydra
Aim: a six-headed hydra (moderately wounded)
You draw life force from the six-headed hydra!
You feel life coursing into your body. The six-headed hydra bites you! x3
* * * LOW HITPOINT WARNING * * *
The six-headed hydra bites you but does no damage.
The six-headed hydra barely misses you. The six-headed hydra bites you.
* * * LOW HITPOINT WARNING * * *
Casting: Vampiric Draining (safe; 1% risk of failure)
Confirm with . or Enter, or press ? or * to list all spells.
Aiming: Vampiric Draining (safe; 1% risk of failure)
Press: ? - help, Shift-Dir - straight line, f/p - six-headed hydra
Aim: a six-headed hydra (heavily wounded)
You draw life force from the six-headed hydra.
You feel life coursing into your body.
The six-headed hydra bites you but does no damage.
The six-headed hydra bites you.
* * * LOW HITPOINT WARNING * * *
The six-headed hydra bites you!
* * * LOW HITPOINT WARNING * * *
The six-headed hydra barely misses you.
The six-headed hydra bites you but does no damage.
The six-headed hydra bites you.
* * * LOW HITPOINT WARNING * * *
Casting: Vampiric Draining (safe; 1% risk of failure)
Confirm with . or Enter, or press ? or * to list all spells.
Aiming: Vampiric Draining (safe; 1% risk of failure)
Press: ? - help, Shift-Dir - straight line, f/p - six-headed hydra
Aim: a six-headed hydra (heavily wounded)
You draw life force from the six-headed hydra!
You feel life coursing into your body. The hell rat misses you.
The six-headed hydra bites you!
* * * LOW HITPOINT WARNING * * *
The six-headed hydra closely misses you.
The six-headed hydra completely misses you.
The six-headed hydra bites you!
You die...
Kikubaaqudgha rasps: "You have failed me!
Welcome... death!"

#...............<.............
..#######..###................
..###.########..........#P.###
..##...##.....................
...#...##............#.'####.#
#.#....##...##......#..#~~~
...#...##...#.......##)#≈~~#
..####.##...#....D..#### ~~#
#..##.+.#.#.##..@r..## ###
...+.÷.#.+.#.#.○○....#
#......+.............#
#..+...##....##......#
...##.+##....##÷....##
...###.#.#####.......#
P.##.(..######......##
..#.........##.......#
#......#....##.......#


You could see a six-headed hydra and a hell rat.

Vanquished Creatures
  Harold (Lair:1)
  A hydra (Lair:2)
  Erica (D:10)
  A boulder beetle (D:11)
  A two-headed ogre (D:9)
  Amaemon (Lair:2)
  2 oklob plants (D:11)
  Joseph (D:8)
  A black mamba (Lair:3)
  4 cane toads
  A rime drake (Lair:3)
  5 komodo dragons
  2 trolls
  A polar bear (Lair:2)
  Prince Ribbit (D:8)
  5 blink frogs
  5 wyverns
  A basilisk (Lair:1)
  A wraith (D:10)
  22 yaks
  An acid dragon (D:9)
  A cane toad zombie (Lair:2)
  11 water moccasins
  2 orc warriors
  A black bear (D:8)
  3 ice beasts
  3 ogres
  2 centaurs
  3 wolves (Lair:1)
  A blink frog zombie (Lair:2)
  2 kobold brigands
  6 bullfrogs
  2 scorpions
  4 gnoll sergeants
  3 wights (D:9)
  17 killer bees
  5 howler monkeys
  An electric eel (Lair:3)
  3 bombardier beetles
  6 hounds
  6 orc priests
  4 jellies
  Ijyb (D:4)
  7 iguanas
  7 hell rats
  2 sleepcaps
  7 orc wizards
  Robin (D:4)
  11 adders
  22 gnolls
  2 river rats
  4 shadow imps
  4 white imps
  8 ufetubi
  A ribbon worm (D:2)
  5 dart slugs
  23 orcs
  4 ball pythons
  8 endoplasms
  8 giant cockroaches
  13 goblins
  11 hobgoblins
  5 jackals
  19 kobolds
  6 quokkas
  2 bats
  2 frilled lizards (D:1)
  6 rats
334 creatures vanquished.

Vanquished Creatures (collateral kills)
  A black mamba (Lair:1)
  An orange demon (Lair:2)
  Maggie (Lair:1)
  4 blink frogs
  2 acid dragons (D:11)
  A bullfrog (Lair:3)
  An orc priest (D:10)
  A hell rat (Lair:2)
  2 gnolls
  A river rat (Lair:2)
  2 dart slugs
  2 orcs (D:5)
  2 giant cockroaches
  2 goblins
  A hobgoblin (D:4)
  A frilled lizard (D:2)
25 creatures vanquished.

Vanquished Creatures (others)
  A cane toad zombie (Lair:2)
  3 blink frog zombies (Lair:2)
  2 yak zombies (Lair:2)
6 creatures vanquished.

Grand Total: 365 creatures vanquished

Notes
Turn   | Place    | Note
-------+----------+-------------------------------------------
     0 | D:1      | PaiMei the Demonspawn Necromancer began the quest for the
                  | Orb.
     0 | D:1      | Reached XP level 1. HP: 13/13 MP: 3/3
   207 | D:1      | Found a faded altar of an unknown god.
   216 | D:1      | Gained mutation: Your demonic aura sometimes causes spilled
                  | blood to erupt in flames. [demonic ancestry]
   216 | D:1      | Reached XP level 2. HP: 19/19 MP: 0/5
  1004 | D:1      | Reached XP level 3. HP: 24/24 MP: 4/6
  1277 | D:1      | Learned a level 3 spell: Vampiric Draining
  1560 | D:2      | Discovered your monstrous ancestry.
  1560 | D:2      | Gained mutation: You have sharp fingernails. [demonic
                  | ancestry]
  1560 | D:2      | Reached XP level 4. HP: 31/31 MP: 3/7
  1666 | D:2      | Reached skill level 1 in Fighting
  1757 | D:2      | Reached skill level 5 in Necromancy
  2584 | D:3      | Found Rekkil's Distillery.
  2610 | D:3      | Bought a potion of curing for 39 gold pieces
  2664 | D:3      | Found Raice's Assorted Antiques.
  2759 | D:3      | Gained mutation: You have very sharp fingernails. [demonic
                  | ancestry]
  2759 | D:3      | Reached XP level 5. HP: 37/37 MP: 4/9
  2764 | D:3      | Found a glowing drain.
  2822 | Sewer    | Entered a sewer
  2903 | Sewer    | Noticed Pargi
  3085 | D:3      | Found Ced Falo's Antique Weapon Shop.
  3631 | D:4      | Noticed Ijyb
  3641 | D:4      | Killed Ijyb
  3885 | D:4      | Noticed an ogre
  3889 | D:4      | Killed an ogre
  3890 | D:4      | Gained mutation: You have a small tail. [demonic ancestry]
  3890 | D:4      | Reached XP level 6. HP: 29/45 MP: 1/11
  4211 | D:4      | Noticed Robin
  4214 | D:4      | Killed Robin
  4837 | D:5      | Entered Level 5 of the Dungeon
  5101 | D:5      | Gained mutation: You have a pair of small antennae on your
                  | head. [demonic ancestry]
  5101 | D:5      | Reached XP level 7. HP: 41/52 MP: 6/12
  5210 | D:5      | Reached skill level 6 in Necromancy
  5263 | D:5      | Found a transporter.
  5264 | D:5      | Noticed rodbeard's ghost (novice GnSh)
  5385 | D:5      | Found a shadowy altar of Dithmenos.
  5385 | D:5      | Found a blossoming altar of Fedhas.
  5385 | D:5      | Found a sacrificial altar of Ru.
  6058 | D:5      | Found a transporter.
  6237 | D:5      | Gained mutation: You sometimes gain a little power by
                  | taking damage. [demonic ancestry]
  6237 | D:5      | Reached XP level 8. HP: 41/60 MP: 6/14
  7048 | D:6      | Reached skill level 7 in Necromancy
  7107 | D:6      | Reached skill level 5 in Spellcasting
  7191 | D:6      | Identified the +12 short sword "Gatzogao" {pain, rC+ Will+
                  | Dex+3}
  7305 | D:6      | Reached skill level 5 in Dodging
  7661 | D:6      | Reached skill level 5 in Fighting
  8006 | D:6      | Found a staircase to the Ecumenical Temple.
  8457 | Temple   | Entered the Ecumenical Temple
  8472 | Temple   | Learned a level 4 spell: Animate Dead
  8472 | Temple   | Became a worshipper of Kikubaaqudgha
  8775 | D:7      | Gained mutation: You have a tail ending in a sharp stinger.
                  | [demonic ancestry]
  8775 | D:7      | Reached XP level 9. HP: 51/68 MP: 13/17
  9177 | D:7      | Reached skill level 8 in Necromancy
  9598 | D:7      | Found a snail-covered altar of Cheibriados.
 10228 | D:8      | Reached * piety under Kikubaaqudgha
 10228 | D:8      | Received a gift from Kikubaaqudgha
 10256 | D:8      | Noticed Joseph
 10278 | D:8      | Killed Joseph
 10665 | D:8      | Noticed Prince Ribbit
 10678 | D:8      | Killed Prince Ribbit
 10715 | D:8      | Reached skill level 9 in Necromancy
 10747 | D:8      | Identified the +0 trident of the Bashing Gods {holy, Int+8
                  | Stlth+}
 10832 | D:8      | Gained mutation: You have a pair of antennae on your head.
                  | [demonic ancestry]
 10832 | D:8      | Reached XP level 10. HP: 54/79 MP: 7/20
 11388 | D:9      | Noticed a two-headed ogre
 12768 | D:9      | Killed a two-headed ogre
 13689 | D:9      | Identified the +3 short sword of Internal Strife {freeze,
                  | *Corrode Str+3 Int+3}
 13842 | D:10     | Entered Level 10 of the Dungeon
 13857 | D:10     | Reached ** piety under Kikubaaqudgha
 14078 | D:10     | Reached skill level 10 in Necromancy
 14171 | D:10     | Noticed Erica
 14352 | D:10     | Found a radiant altar of Vehumet.
 14368 | D:10     | Found a burning altar of Makhleb.
 14368 | D:10     | Found an iron altar of Okawaru.
 14395 | D:10     | Found a broken altar of Ashenzari.
 14395 | D:10     | Found a hide-covered altar of Uskayaw.
 14732 | D:10     | Killed Erica
 15044 | D:11     | Found a staircase to the Lair.
 15044 | D:11     | Noticed an oklob plant
 15051 | D:11     | Noticed an oklob plant
 15221 | D:11     | Noticed a boulder beetle
 15242 | D:11     | Killed a boulder beetle
 15243 | D:11     | Gained mutation: You sometimes gain power by taking damage.
                  | [demonic ancestry]
 15243 | D:11     | Reached XP level 11. HP: 87/87 MP: 3/23
 15433 | D:11     | Killed an oklob plant
 15555 | D:11     | Killed an oklob plant
 16090 | D:11     | Found a transporter.
 16094 | D:11     | Noticed Xaxieg's ghost (journeyman GnSk)
 16139 | D:11     | Found a transporter.
 16303 | Lair:1   | Entered Level 1 of the Lair of Beasts
 17646 | Lair:1   | Reached skill level 11 in Necromancy
 17836 | Lair:1   | Noticed Harold
 17854 | Lair:1   | Killed Harold
 18249 | Lair:1   | Noticed Maggie
 18257 | Lair:1   | Killed Maggie
 18398 | Lair:1   | Reached *** piety under Kikubaaqudgha
 18398 | Lair:1   | Received a gift from Kikubaaqudgha
 18965 | Lair:2   | Reached XP level 12. HP: 95/97 MP: 6/25
 19115 | Lair:2   | Reached skill level 10 in Fighting
 19293 | Lair:2   | Noticed Amaemon
 19301 | Lair:2   | Killed Amaemon
 19536 | Lair:2   | Noticed a four-headed hydra
 19543 | Lair:2   | Killed a four-headed hydra
 19544 | Lair:2   | Reached skill level 12 in Necromancy
 20049 | Lair:3   | Noticed a five-headed hydra
 20235 | Lair:2   | Reached **** piety under Kikubaaqudgha
 20637 | Lair:3   | Reached skill level 10 in Dodging
 20637 | Lair:3   | Reached skill level 10 in Spellcasting
 21084 | Lair:3   | Noticed a six-headed hydra
 21124 | Lair:3   | HP: 2/99 [six-headed hydra (12)]
 21124 | Lair:3   | Mangled by a six-headed hydra

Illustrated notes

Levels and vault maps discovered:
D:1:      minmay_arrival_doors, layout_basic, ebering_ecumenical_altar_box,
          corner_web_ring
D:2:      minmay_razor_zed, layout_basic, minmay_misc_feat_iff
D:3:      layout_rooms, gup_sewer_entry_pipe, serial_shops, shop,
          nicolae_shop_stone, shop
D:4:      cheibrodos_old_hovel, layout_basic, minmay_pentomino_pile, uniq_robin,
          uniq_ijyb
D:5:      layout_basic, gammafunk_temple_overflow_claw, gammafunk_ghost_hive,
          chequers_serial_rivers_marsh, minmay_increasing_density
D:6:      layout_basic, minmay_temple_entry_statues
D:7:      layout_basic, kennysheep_slug_shrine, small_statue_intersection,
          minmay_circle_x
D:8:      layout_basic, enter_bailey_7, uniq_prince_ribbit1, uniq_joseph
D:9:      layout_roguey
D:10:     layout_long_grid, grunt_temple_overflow_open, uniq_erica
D:11:     layout_roguey, dpeg_oklobed_lair, gammafunk_ghost_berserking_beasts
Temple:   hellmonk_temple_forest_ring
Lair:1:   layout_gridlike, uniq_maggie, uniq_harold
Lair:2:   layout_gridlike, infiniplex_staircase_pool, uniq_amaemon
Lair:3:   layout_big_grid, elwin_shoals_entry_rooms,
          minmay_snake_entry_six_corridors, basic_altar,
          kennysheep_abandoned_house

Skill      XL: |  1  2  3  4  5  6  7  8  9 10 11 12 |
---------------+-------------------------------------+-----
Stealth        | 2 |  2.2
Dodging        | 2 3 4 5 6 8 9 10 | 10.0
Fighting       | 1 2 3 4 5 7 8 9 10 | 10.6
Necromancy     | 5 6 7 9 10 11 12 | 12.4
Spellcasting   | 3 4 5 6 8 9 10 | 10.1

Action                     |  1- 3 |  4- 6 |  7- 9 | 10-12 || total
---------------------------+-------+-------+-------+-------++-------
  Melee: Unarmed           |     7 |    12 |       |       ||    19
         Whip              |       |     1 |    26 |       ||    27
         Tailslap          |       |       |    12 |    21 ||    33
         Punch             |       |       |     1 |     4 ||     5
         Short sword       |       |       |    94 |   155 ||   249
   Cast: Necrotise         |    55 |   152 |   130 |   140 ||   477
         Vampiric Draining |       |     2 |    58 |   217 ||   277
         Animate Dead      |       |       |       |     5 ||     5
    Use: Potion            |       |       |     1 |       ||     1
         Scroll            |       |       |       |    11 ||    11
   Stab: Sleeping          |       |       |     1 |       ||     1
         Distracted        |       |       |     1 |       ||     1
 Armour: Robe              |    12 |    43 |   148 |     4 ||   207
         Leather armour    |       |       |       |   312 ||   312
  Dodge: Dodged            |    14 |    46 |   197 |   401 ||   658
